 Dungeon Crawl Stone Soup version 0.29-a0-330-g52719c12eb (webtiles) character file.

Game seed: 4203860938540848535

73 zishaf the Magician (level 3, 0/29 HPs)
             Began as a Demigod Wanderer on Apr 12, 2022.
             Slain by a goblin
             ... wielding a +0 dagger
             ... led by Robin
              (3 damage)
             ... on level 2 of the Dungeon.
             The game lasted 00:02:28 (1636 turns).

zishaf the Magician (Demigod Wanderer)              Turns: 1636, Time: 00:02:28

Health: 0/29       AC:  3    Str: 16    XL:     3   Next: 83%
Magic:  10/10      EV: 10    Int: 16    God:
Gold:   115        SH:  4    Dex: 12    Spells: 8/9 levels left

rFire   . . .      SeeInvis .   a - +2 mace
rCold   . . .      Faith    .   e - +0 buckler
rNeg    . . .      Spirit   .   d - +0 robe
rPois   .          Reflect  .   (no helmet)
rElec   .          Harm     .   b - +0 cloak
rCorr   .          Rampage  .   (no gloves)
Will    .....                   (no boots)
Stlth   ++........              (no amulet)
HPRegen 0.09/turn               l - ring of wizardry
MPRegen 0.12/turn               (no ring)

@: no status effects
A: high MP 1, forlorn, divine attributes
a: no special abilities


You were on level 2 of the Dungeon.
You visited 1 branch of the dungeon, and saw 2 of its levels.

You collected 115 gold pieces.

Inventory:

Hand Weapons
 a - a +2 mace (weapon)
Missiles
 i - 6 poisoned darts
Armour
 b - a +0 cloak (worn)
 d - a +0 robe (worn)
 e - a +0 buckler (worn)
Jewellery
 l - a ring of wizardry (left hand)
Scrolls
 f - 2 scrolls of noise {unknown}
 g - 2 scrolls of teleportation {unknown}
 k - a scroll of identify {unknown}
Potions
 c - 2 potions of haste
 h - a potion of berserk rage {unknown}
 j - 2 potions of heal wounds {unknown}


   Skills:
 + Level 1.8 Fighting
 + Level 3.4 Maces & Flails
 - Level 2.6 Stealth
 + Level 1.6 Shields
 - Level 3.6 Spellcasting


You had 8 spell levels left.
You knew the following spells:

 Your Spells              Type           Power      Damage    Failure   Level
a - Sting                 Tmut/Pois      8%         1d3       10%         1

Your spell library contained the following spells:

 Spells                   Type           Power      Damage    Failure   Level
 Spider Form              Tmut/Pois      2%         N/A       26%         3


Dungeon Overview and Level Annotations

Branches:
Dungeon (2/15)

Annotations:
D:2 Robin


Innate Abilities, Weirdness & Mutations

You have an increased reservoir of magic. (+10% MP)
You shall have no god before yourself.
Your divine heritage dramatically boosts your attributes as you level up.


Message History

A goblin comes into view. It is wielding a +0 dagger.
A goblin comes into view. It is wielding a +0 club.
Robin and 3 goblins come into view.
The hobgoblin shouts!
The goblin shouts! x2; Robin shouts!
A kobold comes into view. It is wielding a +0 dagger.
The goblin shouts! x2
A goblin and a hobgoblin come into view.
Found a spear.
The goblin shouts!
The hobgoblin shouts! x2; The kobold shouts!
The goblin shouts!
Robin throws the goblin at you! The goblin hits you with a +0 club.
The goblin attacks as you move away! The goblin hits you with a +0 club.
You hit the goblin.
You kill the goblin!
You completely miss the goblin.
Robin roars a battlecry!
The goblins go into a battle-frenzy!
The goblin hits you but does no damage. The goblin barely misses you.
You closely miss the goblin. The goblin hits you with a +0 club.
You barely miss the goblin. The goblin hits you with a +0 club.
You sock the goblin!
You kill the goblin!
Robin throws the goblin at you! The goblin hits you with a +0 club.
You hit the hobgoblin.
The hobgoblin is heavily wounded.
The hobgoblin closely misses you. The goblin hits you but does no damage.
You block the hobgoblin's attack. The goblin closely misses you.
You hit the hobgoblin.
You kill the hobgoblin!
You block the goblin's attack.
You hit the goblin.
The goblin is moderately wounded.
You block the goblin's attack. The goblin hits you with a +0 club.
* * * LOW HITPOINT WARNING * * *
You hit the goblin.
You kill the goblin!
The goblin hits you with a +0 dagger.
* * * LOW HITPOINT WARNING * * *
The goblin hits you with a +0 dagger.
You die...

#..........
#.........#
##........## ####
##.>.......# ##...#
#####....#######
##.....###.......##
#.....g.##.......#
#.....gg##......##
#....gggg@)..####
##...gK#######
#..... #......
#...... #......
##...). ##...#


You could see Robin, 2 hobgoblins, 5 goblins and a kobold.

Vanquished Creatures
  An adder (D:2)
  2 worms (D:2)
  3 dart slugs
  4 bats (D:1)
  2 endoplasms (D:1)
  2 giant cockroaches (D:1)
  7 hobgoblins
  7 jackals (D:2)
  A quokka (D:1)
  2 ball pythons
  A frilled lizard (D:2)
  9 goblins
  7 rats (D:1)
48 creatures vanquished.

Notes
Turn   | Place    | Note
-------+----------+-------------------------------------------
     0 | D:1      | zishaf the Demigod Wanderer began the quest for the Orb.
     0 | D:1      | zishaf set off with the following items: a +2 mace, a +0
                  | cloak, a potion of haste, a +0 robe; and the following
                  | spell memorised: Sting; and the following spells available
                  | to memorise: Spider Form
     0 | D:1      | Reached XP level 1. HP: 14/14 MP: 7/7
   209 | D:1      | You fall into a shaft and drop 1 floor!
   359 | D:1      | Reached XP level 2. HP: 22/22 MP: 9/9
   379 | D:1      | Reached skill level 1 in Fighting
   710 | D:1      | Reached skill level 1 in Shields
   937 | D:2      | Reached XP level 3. HP: 28/28 MP: 10/10
  1624 | D:2      | Noticed Robin
  1636 | D:2      | Slain by a goblin

Illustrated notes

Levels and vault maps discovered:
D:1:      tarquinn_simple_flora_water_f, layout_loops_cross,
          chequers_ecumenical_altar_island, serial_park_tiny_pond,
          minmay_misc_feat_cross
D:2:      kennysheep_big_flooded_room, layout_rooms, uniq_robin

Skill      XL: |  1  2 |
---------------+-------+-----
Maces & Flails | 3 |  3.4
Fighting       | 1 |  1.8
Shields        | 1 |  1.6
Stealth        | |  2.6
Spellcasting   | |  3.6

Action                   || total
-------------------------++-------
Melee: Mace              ||   106
 Stab: Sleeping          ||     6
Armor: Robe              ||    36
Dodge: Dodged            ||    48
Block: Buckler           ||    19

Table legend: (Time is in decaauts)
 A = Elapsed time spent in this place.
 B = Non-inter-level travel time spent in this place.
 C = Inter-level travel time spent in this place.
 D = Time resting spent in this place.
 E = Time spent auto-exploring this place.
 F = Levels seen in this place.
 G = Mean time per level.
                   A        B        C        D        E       F      G
               +--------+--------+--------+--------+--------+-----+--------+
         Total |   1673 |   1645 |     28 |      0 |   1294 |   2 |  836.5 |
       Dungeon |   1673 |   1645 |     28 |      0 |   1294 |   2 |  836.5 |
               +--------+--------+--------+--------+--------+-----+--------+

Top non-repeatable levels by time:
     D:1: 929 daAuts
     D:2: 744 daAuts
